 Dungeon Crawl Stone Soup version 0.25.0-15-gac7dcb8 (webtiles) character file.

Game seed: 1347549913777196892

16023 Fondut the Grappler (level 12, -12/122 HPs)
             Began as a Troll Hunter on June 28, 2020.
             Was a Priest of the Shining One.
             Mangled by an eight-headed hydra (14 damage)
             ... on level 3 of the Lair of Beasts.
             The game lasted 00:23:21 (9248 turns).

Fondut the Grappler (Troll Hunter)                  Turns: 9248, Time: 00:23:22

Health: -12/122    AC:  8    Str: 24    XL:     12   Next: 6%
Magic:  17/17      EV: 11    Int:  7    God:    the Shining One [***...]
Gold:   310        SH:  9    Dex: 13    Spells: 11/11 levels left

rFire    + . .     SeeInvis .     - Unarmed
rCold    . . .     Gourm    +   (no shield)
rNeg     + . .     Faith    .   h - +0 robe
rPois    .         Spirit   .   (helmet restricted)
rElec    .         Reflect  .   g - +1 cloak
rCorr    .         Harm     .   (gloves unavailable)
MR       .....                  (boots unavailable)
Stlth    +.........             k - amulet of regeneration
HPRegen  1.10/turn              v - ring of protection from fire
MPRegen  0.15/turn              y - ring of flight

@: lethally poisoned (-12 -> -12), divine shield, glowing
A: large, unfitting armour, claws 3, fast metabolism 3, gourmand, regeneration
1, shaggy fur 1, tough skin 3
a: Divine Shield, Renounce Religion, Evoke Flight


You were on level 3 of the Lair of Beasts.
You worshipped the Shining One.
The Shining One was most pleased with you.
You were full.

You visited 2 branches of the dungeon, and saw 11 of its levels.

You collected 560 gold pieces.
You spent 250 gold pieces at shops.

Inventory:

Missiles
 c - 5 large rocks (quivered)
 d - 2 throwing nets
Armour
 g - a +1 cloak (worn)
 h - a +0 robe (worn)
Jewellery
 k - an amulet of regeneration (around neck)
 t - an uncursed ring of stealth
 v - a ring of protection from fire (left claw)
 y - a ring of flight (right claw)
 z - an uncursed amulet of reflection {unknown}
 C - a cursed ring of attention {unknown}
 H - a +4 ring of protection {unknown}
Wands
 w - a wand of flame (8)
 x - a wand of polymorph (6)
 F - a wand of disintegration (13)
Scrolls
 e - 10 scrolls of identify
 j - 2 scrolls of enchant weapon
 l - 4 scrolls of remove curse
 m - 3 scrolls of immolation
 p - 3 scrolls of fog {unknown}
 q - 2 scrolls of teleportation
 r - a scroll of magic mapping
 s - a scroll of fear
 A - a scroll of amnesia {unknown}
 B - 2 scrolls of holy word {unknown}
Potions
 a - 4 potions of curing
 b - 4 potions of haste {unknown}
 i - 4 potions of ambrosia {unknown}
 n - a potion of brilliance {unknown}
 o - 2 potions of flight {unknown}
 u - a potion of lignification {unknown}
 D - a potion of might
 E - 2 potions of cancellation {unknown}
 G - 3 potions of heal wounds
 I - a potion of degeneration {unknown}
Comestibles
 f - 26 rations


   Skills:
 + Level 8.4 Fighting
 - Level 3.6 Throwing
 + Level 4.1 Dodging
 - Level 0.3 Stealth
 * Level 13.3 Unarmed Combat
 + Level 8.5 Invocations


You had 11 spell levels left.
You didn't know any spells.
Your spell library contained the following spells:

 Spells                   Type           Power        Failure   Level  Hunger
 Sandblast                Erth           #.....       43%         1    ##.....
 Passwall                 Tmut/Erth      #.......     56%         2    ###....
 Stone Arrow              Conj/Erth      #.....       80%         3    ####...
 Petrify                  Tmut/Erth      #.......     99%         4    #####..
 Lee's Rapid Deconstruct  Erth           #.........   100%        5    ######.


Dungeon Overview and Level Annotations

Branches:
Dungeon (8/15)             Temple (0/1) D:4            Lair (3/6) D:8
 Shoals (0/4) Lair:3        Snake (0/4) Lair:2

Altars:
Ashenzari
Gozag
Hepliaklqana
Kikubaaqudgha
Makhleb
Okawaru
Qazlal
Ru
Wu Jian
The Shining One

Shops:
D:7 =   D:8 [

Annotations:
D:4 1 runed translucent door, Crazy Yiuf
Lair:3 exclusion: 4 oklob plants


Innate Abilities, Weirdness & Mutations

You are too large for most types of armour.
You have claws for hands.
Your metabolism is lightning-fast.
You like to eat raw meat.
Your natural rate of healing is unusually fast.
You are covered in fur. (AC +1)
You have extremely tough skin. (AC +3)


Message History

The eight-headed hydra bites you. The eight-headed hydra bites you!
The eight-headed hydra bites you.
* * * LOW HITPOINT WARNING * * *
You block the eight-headed hydra's attack. x2
The eight-headed hydra bites you but does no damage.
The eight-headed hydra bites you!
* * * LOW HITPOINT WARNING * * *
The eight-headed hydra bites you.
* * * LOW HITPOINT WARNING * * *
The porcupine closely misses you. The eight-headed hydra misses you.
The eight-headed hydra bites you!
* * * LOW HITPOINT WARNING * * *
The eight-headed hydra barely misses you.
The eight-headed hydra bites you!
* * * LOW HITPOINT WARNING * * *
The eight-headed hydra bites you but does no damage.
The eight-headed hydra barely misses you.
The eight-headed hydra bites you but does no damage.
The eight-headed hydra bites you!
You die...

............................
....................(...!...
...........................(
....................(.......
............................
............................
...........##..!..#P%.......
...........##.#r#+PP..<..###
..............FD@.......#.###
...........##...........#....
.........F.##......#....#....
...........##.....P#.....#...
>...........##.#####.......##.
.............####.P.......+..##
..................(............
...............................
...............................


You could see an eight-headed hydra, a spiny frog and a porcupine.

Vanquished Creatures
  A hydra (Lair:1)
  A two-headed ogre (D:8)
  3 manticores (Lair:3)
  3 spiny frogs
  3 rime drakes (Lair:3)
  5 komodo dragons (Lair:1)
  A queen bee (Lair:3)
  5 polar bears (Lair:3)
  Grinder (D:4)
  Sigmund (D:6)
  5 hippogriffs
  4 wyverns
  4 yaks (Lair:3)
  Eustachio (D:6)
  4 basilisks
  A hungry ghost (D:7)
  3 nagas (Lair:2)
  6 water moccasins
  6 porcupines
  3 orc warriors
  A sky beast (D:8)
  A phantom (D:5)
  2 ice beasts
  An ogre (D:4)
  2 centaurs
  A necrophage (D:8)
  4 crocodiles
  A big kobold (D:8)
  7 bullfrogs
  Blork the orc (D:6)
  A scorpion (D:8)
  37 killer bees
  A howler monkey (D:6)
  A wight (D:6)
  5 crimson imps
  A hound (D:8)
  2 orc priests
  2 bullfrog skeletons
  2 orc wizards
  6 iguanas
  3 iron imps (D:3)
  Ijyb (D:4)
  4 worker ants
  2 hound skeletons
  A hound zombie (D:8)
  3 worker ant zombies
  6 gnolls
  8 adders
  A shadow imp (D:4)
  2 oozes
  An adder zombie (D:7)
  4 worms
  2 dart slugs (D:1)
  5 leopard geckos
  23 orcs
  A ball python (D:3)
  14 bats
  4 giant cockroaches
  4 goblins
  9 hobgoblins
  8 jackals
  14 kobolds
  2 quokkas
  4 frilled lizards
  A jackal skeleton (D:4)
  A leopard gecko skeleton (D:5)
  13 rats
  A plant (Lair:3)
282 creatures vanquished.

Vanquished Creatures (others)
  3 fungi (D:8)
  A plant (Lair:1)
4 creatures vanquished.

Grand Total: 286 creatures vanquished

Notes
Turn   | Place    | Note
-------+----------+-------------------------------------------
     0 | D:1      | Fondut the Troll Hunter began the quest for the Orb.
     0 | D:1      | Reached XP level 1. HP: 19/19 MP: 0/0
   157 | D:1      | Reached skill level 1 in Unarmed Combat
   254 | D:1      | Reached XP level 2. HP: 28/28 MP: 1/1
   424 | D:1      | Reached skill level 2 in Unarmed Combat
   470 | D:1      | Reached XP level 3. HP: 35/35 MP: 2/2
  1063 | D:2      | Reached skill level 3 in Unarmed Combat
  1063 | D:2      | Reached XP level 4. HP: 44/44 MP: 3/3
  1672 | D:2      | Found a stormy altar of Qazlal.
  1995 | D:3      | Found an ancient bone altar of Kikubaaqudgha.
  2024 | D:3      | Found a stormy altar of Qazlal.
  2024 | D:3      | Found a glowing golden altar of the Shining One.
  2043 | D:3      | Became a worshipper of the Shining One
  2113 | D:3      | Reached XP level 5. HP: 50/50 MP: 4/4
  2203 | D:3      | Reached skill level 4 in Unarmed Combat
  2325 | D:3      | Found a burning altar of Makhleb.
  2346 | D:3      | Reached skill level 1 in Invocations
  2355 | D:3      | Reached XP level 6. HP: 53/61 MP: 5/5
  2605 | D:4      | Reached * piety under the Shining One
  2634 | D:4      | Found a hazy altar of Hepliaklqana.
  2656 | D:4      | Noticed Ijyb
  2682 | D:4      | Found a staircase to the Ecumenical Temple.
  2708 | D:4      | Killed Ijyb
  2774 | D:4      | Found a runed translucent door.
  2775 | D:4      | Noticed Crazy Yiuf
  2827 | D:4      | Reached skill level 5 in Unarmed Combat
  2928 | D:4      | Noticed Grinder
  2935 | D:4      | Paralysed by Grinder for 5 turns
  2946 | D:4      | Killed Grinder
  2946 | D:4      | Reached XP level 7. HP: 46/68 MP: 7/7
  3299 | D:5      | Entered Level 5 of the Dungeon
  3307 | D:5      | Reached skill level 6 in Unarmed Combat
  3814 | D:5      | Reached ** piety under the Shining One
  3821 | D:5      | Reached XP level 8. HP: 78/78 MP: 9/9
  4300 | D:6      | Noticed Eustachio
  4302 | D:6      | Reached skill level 7 in Unarmed Combat
  4313 | D:6      | Killed Eustachio
  4331 | D:6      | Found an opulent altar of Gozag.
  4369 | D:6      | Noticed Sigmund
  4378 | D:6      | Killed Sigmund
  4487 | D:6      | Found an iron altar of Okawaru.
  4490 | D:6      | Found an ornate altar of the Wu Jian Council.
  4541 | D:6      | Noticed Blork the orc
  4551 | D:6      | Killed Blork the orc
  4803 | D:6      | Found a sacrificial altar of Ru.
  4810 | D:6      | Found a shattered altar of Ashenzari.
  4843 | D:6      | Reached skill level 5 in Fighting
  4843 | D:6      | Reached skill level 8 in Unarmed Combat
  4994 | D:7      | Noticed a hippogriff
  4997 | D:7      | Killed a hippogriff
  4997 | D:7      | Reached XP level 9. HP: 85/88 MP: 11/11
  5179 | D:7      | Reached skill level 9 in Unarmed Combat
  5179 | D:7      | Reached skill level 5 in Invocations
  5274 | D:7      | Found Caonokh's Jewellery Shop.
  5282 | D:7      | Bought an uncursed ring of protection from fire for 250
                  | gold pieces
  5853 | D:8      | Reached skill level 10 in Unarmed Combat
  5935 | D:8      | Found a staircase to the Lair.
  5992 | D:8      | Reached *** piety under the Shining One
  6002 | D:8      | Found Dariake's Armour Emporium.
  6115 | D:8      | Noticed a two-headed ogre
  6124 | D:8      | Killed a two-headed ogre
  6124 | D:8      | Reached XP level 10. HP: 76/100 MP: 9/13
  6234 | Lair:1   | Entered Level 1 of the Lair of Beasts
  6301 | Lair:1   | Noticed a spiny frog
  6308 | Lair:1   | Killed a spiny frog
  6500 | Lair:1   | Reached skill level 11 in Unarmed Combat
  7085 | Lair:2   | Noticed a four-headed hydra
  7186 | Lair:1   | Killed a four-headed hydra
  7480 | Lair:2   | Reached skill level 12 in Unarmed Combat
  7480 | Lair:2   | Reached XP level 11. HP: 98/109 MP: 15/15
  7863 | Lair:2   | Found a staircase to the Snake Pit.
  8464 | Lair:3   | HP: 1/111 [hippogriff (7)]
  8474 | Lair:3   | HP: 5/111 [manticore (21)]
  8495 | Lair:3   | Reached skill level 13 in Unarmed Combat
  8897 | Lair:3   | Reached XP level 12. HP: 100/122 MP: 17/17
  9154 | Lair:3   | Found a staircase to the Shoals.
  9217 | Lair:3   | Noticed an eight-headed hydra
  9248 | Lair:3   | HP: 2/122 [eight-headed hydra (13)]
  9248 | Lair:3   | Mangled by an eight-headed hydra

Illustrated notes

Levels and vault maps discovered:
D:1:      dpeg_arrival_round_c, layout_basic, serial_glass, glass_columns_a,
          glass_columns_b, glass_columns_c, glass_columns_a, glass_columns_a,
          glass_columns_b, feat_on_display, minmay_strange_pillars,
          feat_on_display, due_unseen_surprise
D:2:      layout_loops_corners, grunt_qazlal_sundering
D:3:      layout_rooms, demons_altar, grunt_temple_overflow_open, serial_glass,
          glass_columns_c, glass_columns_a, first_ration
D:4:      layout_cave_pools, lemuel_doored_altar, minmay_temple_entry_junction,
          fountainhead, uniq_grinder, uniq_crazy_yiuf_cottage, uniq_ijyb
D:5:      layout_loops_ring, patterned_corridor
D:6:      minmay_chambers_of_fours, layout_basic,
          nicolae_overflow_hidden_temple,
          nicolae_gozag_cash_rules_everything_around_me, uniq_eustachio,
          uniq_blork_the_orc, uniq_sigmund
D:7:      cheibrodos_helix_gallery, layout_basic, serial_shops,
          nicolae_shop_stone
D:8:      layout_gridville, grunt_lair_entry_orc_guard_hut, serial_shops,
          shop_fountains
Lair:1:   beast_lair_carwin_large_1, layout_gridlike, fungi_pond_lemuel
Lair:2:   layout_chaotic_city, guppyfry_snake_entry_island
Lair:3:   hangedman_what_comes_after_a, layout_regular_city,
          elwin_shoals_entry_rocks, minmay_lair_oklob_items,
          cheibrodos_lair_lostbears

Skill      XL: |  1  2  3  4  5  6  7  8  9 10 11 |
---------------+----------------------------------+-----
Unarmed Combat | 1 2 3 4 5 6 8 10 12 13 | 13.3
Fighting       | 2 3 4 5 6 7 8 |  8.4
Invocations    | 1 2 3 4 6 7 8 |  8.5
Dodging        | 4 |  4.1
Throwing       | |  3.6
Stealth        | |  0.3

Action                   |  1- 3 |  4- 6 |  7- 9 | 10-12 || total
-------------------------+-------+-------+-------+-------++-------
Melee: Unarmed           |    84 |   165 |   246 |   281 ||   776
       Punch             |       |     2 |     7 |    18 ||    27
Throw: Large rock        |       |     1 |       |    12 ||    13
Invok: Divine Shield     |       |       |     2 |     5 ||     7
 Abil: Evoke Flight      |       |       |       |     1 ||     1
  Use: Scroll            |       |    11 |       |       ||    11
       Potion            |       |       |       |     6 ||     6
 Stab: Sleeping          |     1 |     1 |       |       ||     2
  Eat: Chunk             |    15 |    17 |    30 |    26 ||    88
Armor: Robe              |    30 |    61 |    74 |    95 ||   260
Dodge: Dodged            |    47 |    57 |    99 |   162 ||   365
Block: Other             |       |       |     3 |    48 ||    51
